 Seeded DCSS version 0.28-a0-991-g956f0ee3d5 (webtiles) character file.

Game seed: 20211204 (custom seed)

4112 a11behringer the Cleaver (level 10, -2/81 HPs)
             Began as a Hill Orc Cinder Acolyte on Dec 4, 2021.
             Was an Elder of Ignis.
             Slain by a basilisk (5 damage)
             ... while petrified by a basilisk
             ... on level 9 of the Dungeon.
             The game lasted 00:36:31 (11431 turns).

a11behringer the Cleaver (Hill Orc Cinder Acolyte) Turns: 11431, Time: 00:36:32

Health: -2/81      AC: 18    Str: 22    XL:     10   Next: 26%
Magic:  15/17      EV:  2    Int: 14    God:    Ignis [****..]
Gold:   465        SH:  0    Dex:  6    Spells: 16/18 levels left

rFire   + . .      SeeInvis .   a - +0 hand axe (flame)
rCold   . . .      Faith    .   (no shield)
rNeg    + + +      Spirit   .   h - +0 pearl dragon scales
rPois   ∞          Reflect  .   s - +0 helmet
rElec   .          Harm     .   (no cloak)
rCorr   .          Rampage  .   A - +2 pair of gloves
Will    .....                   (no boots)
Stlth   ..........              j - amulet of magic regeneration
HPRegen 0.23/turn               x - ring of positive energy
MPRegen 0.55/turn               (no ring)

@: petrified
A: no striking features
a: Renounce Religion, Fiery Armour, Foxfire Swarm


You were on level 9 of the Dungeon.
You worshipped Ignis.
Ignis was greatly pleased with you.
You visited 1 branch of the dungeon, and saw 9 of its levels.
You also visited: Sewer.

You collected 465 gold pieces.

Inventory:

Hand Weapons
 a - a +0 hand axe of flaming (weapon)
 m - a +0 broad axe
 D - a +5 spear of freezing
 E - a +0 battleaxe
Missiles
 F - a throwing net (quivered)
Armour
 b - a +0 robe
 d - a +0 leather armour
 h - +0 pearl dragon scales (worn)
 s - a +0 helmet (worn)
 A - a +2 pair of gloves (worn)
 C - +0 steam dragon scales
Jewellery
 j - an amulet of magic regeneration (around neck)
 r - an amulet of guardian spirit
 x - a ring of positive energy (left hand)
Wands
 n - a wand of flame (6)
Scrolls
 g - a scroll of silence
 l - 2 scrolls of blinking
 o - 4 scrolls of fog
 u - 3 scrolls of teleportation
 y - a scroll of holy word
 z - 3 scrolls of fear
 B - 2 scrolls of magic mapping
 G - a scroll of enchant weapon
Potions
 c - 3 potions of mutation
 e - 4 potions of attraction
 f - 4 potions of flight
 i - 3 potions of curing
 k - 2 potions of lignification
 p - a potion of magic
 q - 7 potions of degeneration
 t - 5 potions of brilliance
 v - a potion of might
 w - 2 potions of heal wounds


   Skills:
 + Level 5.5 Fighting
 * Level 10.8 Axes
 * Level 8.1 Armour
 + Level 0.6 Stealth
 + Level 4.9 Spellcasting
 + Level 7.9 Fire Magic


You had 16 spell levels left.
You knew the following spells:

 Your Spells              Type           Power      Damage    Failure   Level
a - Scorch                Fire           50%        2d7       3%          2

Your spell library contained the following spells:

 Spells                   Type           Power      Damage    Failure   Level
 Shock                    Conj/Air       12%        1d3       45%         1
 Blink                    Tloc           6%         N/A       58%         2
 Stone Arrow              Conj/Erth      6%         3d7       83%         3
 Swiftness                Air            3%         N/A       83%         3
 Airstrike                Air            1%         N/A       99%         4
 Animate Armour           Summ/Erth      6%         N/A       99%         4
 Manifold Assault         Tloc           3%         N/A       100%        5
 Storm Form               Tmut/Air       1%         N/A       100%        7
 Lehudib's Crystal Spear  Conj/Erth      1%         10d2      100%        8


Dungeon Overview and Level Annotations

Branches:
Dungeon (9/15)             Temple (0/1) D:4           Sewer (visited)
   Lair: D:8-11         Orc: D:9-12

Altars:
Makhleb
Sif Muna
Uskayaw
Wu Jian
Xom
Zin

Shops:
D:1 !   D:2 =   D:3 *   D:7 ?

Annotations:
D:7 2 transporters, timneilson's ghost, novice DDFi


Message History

You hit the boulder beetle but do no damage.
The boulder beetle is lightly wounded.
The boulder beetle is no longer more vulnerable to fire.
The centaur shoots an arrow.
The arrow hits you but does no damage. The basilisk gazes at you.
Your limbs have turned to stone.
The boulder beetle bites you!
* * * LOW HITPOINT WARNING * * *
The centaur shoots an arrow.
The arrow hits you but does no damage.
You have turned to stone.
The boulder beetle bites you but does no damage.
The centaur shoots an arrow.
The arrow hits you.
* * * LOW HITPOINT WARNING * * *
The boulder beetle bites you but does no damage.
The basilisk bites you but does no damage.
The boulder beetle bites you but does no damage.
The basilisk gazes at you.
The boulder beetle bites you but does no damage.
An iguana comes into view.
The basilisk bites you but does no damage.
The boulder beetle bites you!
* * * LOW HITPOINT WARNING * * *
The basilisk bites you but does no damage.
The centaur unwields a +0 shortbow.
The centaur hits you but does no damage.
The centaur kicks you but does no damage.
The boulder beetle bites you but does no damage.
The basilisk bites you!
* * * LOW HITPOINT WARNING * * *
The centaur hits you but does no damage.
The centaur barely misses you. The boulder beetle bites you.
* * * LOW HITPOINT WARNING * * *
The centaur hits you.
* * * LOW HITPOINT WARNING * * *
The centaur kicks you but does no damage.
The basilisk bites you but does no damage.
The centaur barely misses you.
The centaur kicks you but does no damage.
The boulder beetle bites you but does no damage.
The basilisk bites you!
You die...

#######
#....<#
#.....#
#..c..#
#..B@.#
#..l(.#
#.l..[#
.......#
####..###
#..# #...
#..


You could see a boulder beetle, a basilisk, a centaur and an iguana.

Vanquished Creatures
  A two-headed ogre (D:8)
  Maggie (D:8)
  Prince Ribbit (D:5)
  Grinder (D:4)
  Sigmund (D:5)
  Menkaure (D:7)
  3 water moccasins
  2 sky beasts
  A black bear (D:6)
  A necrophage (D:6)
  2 phantoms
  2 bullfrogs (D:6)
  A kobold brigand (D:8)
  A scorpion (D:6)
  9 wights
  A crimson imp (D:5)
  A bullfrog zombie (D:7)
  4 hounds
  2 jellies
  3 orc priests (D:8)
  2 bullfrog skeletons
  2 gnoll shamans
  An iguana (D:5)
  7 orc wizards
  A killer bee zombie (D:5)
  3 hound skeletons (D:4)
  13 gnolls
  9 adders
  A river rat (D:4)
  4 white imps
  An ufetubus (D:4)
  5 worms
  4 dart slugs
  21 orcs
  15 endoplasms
  6 giant cockroaches
  7 goblins
  7 hobgoblins
  18 jackals
  7 quokkas
  4 ball pythons
  10 bats
  5 frilled lizards
  12 kobolds
  2 rats (D:1)
206 creatures vanquished.

Vanquished Creatures (others)
  20 foxfires (D:4)
  2 fungi (D:9)
  6 plants (D:9)
28 creatures vanquished.

Grand Total: 234 creatures vanquished

Notes
Turn   | Place    | Note
-------+----------+-------------------------------------------
     0 | D:1      | a11behringer the Hill Orc Cinder Acolyte began the quest
                  | for the Orb.
     0 | D:1      | Reached XP level 1. HP: 19/19 MP: 2/2
   159 | D:1      | Reached XP level 2. HP: 23/27 MP: 3/3
   316 | D:1      | Found a faded altar of an unknown god.
   562 | D:1      | Learned a level 2 spell: Scorch
   876 | D:1      | Reached skill level 5 in Axes
   876 | D:1      | Reached XP level 3. HP: 26/33 MP: 4/4
   941 | D:1      | Found Waups's Distillery.
  1510 | D:2      | Reached XP level 4. HP: 34/40 MP: 2/5
  1737 | D:2      | Noticed a phantom
  1738 | D:2      | Found Joavi's Jewellery Emporium.
  1750 | D:2      | Killed a phantom
  1751 | D:2      | Reached skill level 6 in Axes
  1751 | D:2      | Reached skill level 1 in Armour
  1751 | D:2      | Reached XP level 5. HP: 28/46 MP: 4/6
  3044 | D:3      | Reached XP level 6. HP: 44/52 MP: 6/8
  3183 | D:3      | Found Zin's Purification Station.
  3186 | D:3      | Found a glowing silver altar of Zin.
  3642 | D:4      | Found a glowing drain.
  3704 | Sewer    | Entered a sewer
  4955 | D:4      | Found a staircase to the Ecumenical Temple.
  4967 | D:4      | Reached skill level 5 in Fire Magic
  5341 | D:4      | Noticed Grinder
  5355 | D:4      | Reached XP level 7. HP: 24/59 MP: 10/10
  5356 | D:4      | Killed Grinder
  5357 | D:4      | Reached skill level 7 in Axes
  5740 | D:5      | Entered Level 5 of the Dungeon
  5752 | D:5      | Noticed Sigmund
  6492 | D:5      | Reached XP level 8. HP: 51/66 MP: 11/11
  6567 | D:5      | Noticed Prince Ribbit
  6585 | D:5      | Killed Prince Ribbit
  6586 | D:5      | Reached skill level 8 in Axes
  6621 | D:5      | Killed Sigmund
  6622 | D:5      | Reached skill level 5 in Armour
  7311 | D:5      | Found a burning altar of Makhleb.
  7642 | D:6      | Reached skill level 9 in Axes
  7648 | D:6      | Reached XP level 9. HP: 59/72 MP: 7/14
  7995 | D:6      | Found an ornate altar of the Wu Jian Council.
  8005 | D:6      | Found a shimmering altar of Xom.
  8007 | D:6      | Found a hide-covered altar of Uskayaw.
  8387 | D:7      | Reached skill level 5 in Fighting
  8452 | D:7      | Found a transporter.
  8457 | D:7      | Noticed timneilson's ghost (novice DDFi)
  8458 | D:7      | Found a transporter.
  8458 | D:7      | Identified the +9 giant spiked club "Vafipeut" {vorpal,
                  | Drain rN+ rCorr Stlth+}
  8688 | D:7      | Reached skill level 10 in Axes
  8777 | D:7      | Noticed Menkaure
  8785 | D:7      | Killed Menkaure
  9208 | D:7      | Found a shimmering blue altar of Sif Muna.
  9441 | D:7      | Found Nyuv's Magic Scroll Boutique.
  9823 | D:8      | Noticed Maggie
  9846 | D:8      | Killed Maggie
  9988 | D:8      | Reached XP level 10. HP: 36/81 MP: 2/16
 10705 | D:8      | Noticed a two-headed ogre
 11291 | D:8      | Killed a two-headed ogre
 11411 | D:9      | Noticed a boulder beetle
 11430 | D:9      | HP: 4/81 [boulder beetle (3)]
 11431 | D:9      | Slain by a basilisk

Illustrated notes

Levels and vault maps discovered:
D:1:      dpeg_arrival_prison, layout_basic,
          hellmonk_ecumenical_altar_heavens_door, serial_shops, shop,
          minmay_split_cup_large
D:2:      layout_basic, serial_shops, nicolae_shop_advertising_works
          [nicolae_subvault_shop_adworks]
D:3:      layout_basic, zin_purify
D:4:      layout_basic, minmay_temple_entry_stoned_glass, gup_sewer_entry_bowl,
          uniq_grinder
D:5:      layout_basic, makhleb_grotto_becter, uniq_sigmund, uniq_prince_ribbit1
D:6:      layout_cave_pools, minitemple, kennysheep_generic_room_11
D:7:      wander_river, layout_basic, lemuel_tele_altar, gammafunk_ghost_smash,
          serial_shops, shop, uniq_menkaure
D:8:      layout_cave_pods, serial_park, serial_park_paths
          [serial_park_minivault_5x5_2], serial_park_tiny_2, serial_park_tiny_1,
          serial_park_avenue1, uniq_maggie
D:9:      layout_rooms, minmay_lair_entry_grove, minmay_misc_feat_rows,
          nicolae_concentric_dashed_squares_mild

Skill      XL: |  1  2  3  4  5  6  7  8  9 10 |
---------------+-------------------------------+-----
Axes           | 5 6 7 9 10 | 10.8
Armour         | 1 2 4 5 7 8 |  8.1
Fighting       | 4 5 |  5.5
Fire Magic     | 4 5 6 7 |  7.9
Spellcasting   | 2 3 4 |  4.9
Stealth        | |  0.6

Action                   |  1- 3 |  4- 6 |  7- 9 | 10-12 || total
-------------------------+-------+-------+-------+-------++-------
Melee: Hand axe          |    88 |   171 |   300 |    30 ||   589
 Cast: Scorch            |     4 |    58 |    88 |    16 ||   166
Invok: Fiery Armour      |       |     1 |     2 |       ||     3
       Foxfire Swarm     |       |     1 |       |       ||     1
       Rising Flame      |       |       |       |     1 ||     1
  Use: Scroll            |       |    14 |     5 |       ||    19
       Potion            |       |     1 |       |       ||     1
Armor: Leather armour    |    22 |    54 |     1 |       ||    77
       Pearl dragon scal |     1 |       |   204 |    28 ||   233
Dodge: Dodged            |    72 |   109 |   157 |    18 ||   356

Table legend: (Time is in decaauts)
 A = Elapsed time spent in this place.
 B = Non-inter-level travel time spent in this place.
 C = Inter-level travel time spent in this place.
 D = Time resting spent in this place.
 E = Time spent auto-exploring this place.
 F = Levels seen in this place.
 G = Mean time per level.
                   A        B        C        D        E       F      G
               +--------+--------+--------+--------+--------+-----+--------+
         Total |  11494 |  10402 |   1092 |     58 |   8529 |  10 | 1149.4 |
       Dungeon |  10534 |   9442 |   1092 |     58 |   8011 |   9 | 1170.4 |
         Sewer |    960 |    960 |      0 |      0 |    518 |   1 |  960.0 |
               +--------+--------+--------+--------+--------+-----+--------+

Top non-repeatable levels by time:
     D:7: 1956 daAuts
     D:4: 1604 daAuts
     D:5: 1557 daAuts
     D:3: 1256 daAuts
     D:1: 1250 daAuts
     D:8: 1172 daAuts
     D:2: 1052 daAuts
   Sewer: 960 daAuts
     D:6: 664 daAuts
     D:9: 19 daAuts
